 Dungeon Crawl Stone Soup version 0.24-a0-699-g5a66b1aa3b (webtiles) character file.

Game seed: 8862669139414646274, levelgen mode: deterministic

105205 wullow85 the Peltast (level 15, -2/137 (138) HPs)
             Began as a Demonspawn Chaos Knight on Sept 29, 2019.
             Was a Plaything of Xom.
             Killed by divine providence
             ... invoked by an orc priest
              (12 damage)
             ... on level 2 of the Orcish Mines.
             The game lasted 03:16:18 (25894 turns).

wullow85 the Peltast (Demonspawn Chaos Knight)     Turns: 25894, Time: 03:16:18

HP:   -2/137 (138)  AC: 22    Str: 27    XL:     15   Next: 94%
MP:   15/15         EV: 15    Int: 19    God:    Xom [......]
Gold: 2793          SH: 17    Dex: 19    Spells: 14/14 levels left

rFire    + + .     SeeInvis +   o - +7 hand axe of Compassion {distort, *Drain +Rage rF+ Stlth+}
rCold    + + +     Gourm    .   a - +2 shield of Fuaseren {*Drain +Blink rPois Dex+6}
rNeg     . . .     Faith    .   U - +2 ring mail {MR+}
rPois    +         Spirit   .   (helmet unavailable)
rElec    .         Reflect  .   q - +1 cloak
rCorr    .         Harm     .   A - +0 pair of gloves
MR       +++..                  h - +0 pair of boots
Stlth    ++++......             Y - amulet "Ynac" {+Rage rF+ rC+}
HPRegen  1.32/turn              M - ring of Ryvvach {rPois Str+4 Int+5 SInv}
MPRegen  0.14/turn              z - +5 ring of strength

@: sanguine armour
A: claws 1, horns 3, blurry vision 1, cold resistance 2, magic resistance 1,
poison resistance, powered by death 2, robust 2, freezing cloud immunity,
sanguine armour 2
a: Renounce Religion, Evoke Blink, Evoke Berserk Rage


You were on level 2 of the Orcish Mines.
You worshipped Xom.
You were a very special plaything of Xom.
You were not hungry.

You visited 4 branches of the dungeon, and saw 23 of its levels.
You visited the Abyss 1 time.
You also visited: Bailey and Ice Cave.

You collected 3897 gold pieces.
You spent 1104 gold pieces at shops.

Inventory:

Hand Weapons
 d - the +8 longbow of Ovoolysh {velocity, +Blink Dex+2}
   (You took it off a gnoll in a bailey)

   Any arrow fired from it inflicts extra damage.
   It affects your dexterity (+2).
   It lets you blink.
 o - the +7 hand axe of Compassion (weapon) {distort, *Drain +Rage rF+ Stlth+}
   (You found it on level 5 of the Lair of Beasts)

   It warps and distorts space around it.
   Unwielding it can cause banishment or high damage.
   It protects you from fire.
   It lets you go berserk.
   It causes draining when unequipped.
   It makes you more stealthy.
 B - a +4 spear of freezing
Missiles
 k - 444 arrows
 Q - 8 curare-tipped darts (quivered)
Armour
 a - the +2 shield of Fuaseren (worn) {*Drain +Blink rPois Dex+6}
   (You acquired it on level 10 of the Dungeon)

   It affects your dexterity (+6).
   It protects you from poison.
   It lets you blink.
   It causes draining when unequipped.
 h - a +0 pair of boots (worn)
 q - a +1 cloak (worn)
 A - a +0 pair of gloves (worn)
 U - a +2 ring mail of magic resistance (worn)
Magical Staves
 s - an uncursed staff of power
Jewellery
 f - an uncursed ring of protection from magic
 z - a +5 ring of strength (right hand)
 F - an uncursed ring of fire
 K - an uncursed ring of ice
 M - the ring of Ryvvach (left hand) {rPois Str+4 Int+5 SInv}
   (You found it on level 7 of the Dungeon)

   [ring of poison resistance]

   It affects your strength (+4).
   It affects your intelligence (+5).
   It protects you from poison.
   It lets you see invisible.
 R - the ring "Ibajaaz" {rPois rN+ SInv}
   (You found it in an ice cave)

   [ring of see invisible]

   It protects you from poison.
   It protects you from negative energy.
   It lets you see invisible.
 Y - the amulet "Ynac" (around neck) {+Rage rF+ rC+}
   (You bought it in a shop on level 13 of the Dungeon)

   [amulet of rage]

   It protects you from fire.
   It protects you from cold.
   It lets you go berserk.
Wands
 g - a wand of digging (2)
 i - a wand of polymorph (24)
 v - a wand of disintegration (31)
 G - a wand of enslavement (6)
 J - a wand of acid (26)
 N - a wand of random effects (132)
 W - a wand of iceblast (7)
Scrolls
 l - 5 scrolls of identify
 n - 2 scrolls of enchant weapon
 p - 2 scrolls of remove curse
 r - 5 scrolls of blinking
 t - 2 scrolls of magic mapping
 w - a scroll of fog
 y - 13 scrolls of teleportation
 C - 3 scrolls of immolation
 I - 7 scrolls of amnesia
 L - 2 scrolls of enchant armour
 V - a scroll of fear
 Z - a scroll of summoning
Potions
 j - a potion of magic
 m - 3 potions of might
 u - 6 potions of curing
 D - 3 potions of brilliance
 E - 3 potions of haste
 H - 2 potions of heal wounds
 O - 3 potions of flight
 P - 2 potions of invisibility
 S - 2 potions of resistance
 X - a potion of ambrosia
Miscellaneous
 b - a lightning rod (4/4)
 e - a phial of floods
Comestibles
 c - 23 rations
 x - 2 chunks of flesh


   Skills:
 - Level 10.0 Fighting
 * Level 9.4(12.9) Axes
   Level 6.0(8.6) Maces & Flails
 - Level 13.0(14.0) Polearms
 + Level 5.9 Armour
 - Level 5.0 Dodging
 - Level 5.0 Stealth
 - Level 16.0 Shields


You had 14 spell levels left.
You didn't know any spells.
Your spell library contained the following spells:

 Spells                   Type           Power        Failure   Level  Hunger
 Apportation              Tloc           #.....       28%         1    ##.....
 Corona                   Hex            #......      28%         1    ##.....
 Infusion                 Chrm           #...         28%         1    ##.....
 Magic Dart               Conj           #...         28%         1    ##.....
 Pain                     Necr           #...         28%         1    ##.....
 Sandblast                Erth           #.....       28%         1    ##.....
 Shock                    Conj/Air       #...         28%         1    ##.....
 Summon Butterflies       Summ           #.......     28%         1    ##.....
 Corpse Rot               Necr           N/A          41%         2    ###....
 Ensorcelled Hibernation  Hex/Ice        #.....       41%         2    ###....
 Poisonous Vapours        Pois/Air       #.....       41%         2    ###....
 Shroud of Golubria       Chrm/Tloc      #.....       41%         2    ###....
 Song of Slaying          Chrm           #.......     41%         2    ###....
 Sublimation of Blood     Necr           #.........   41%         2    ###....
 Swiftness                Chrm/Air       #.......     41%         2    ###....
 Confuse                  Hex            #.......     65%         3    ####...
 Dazzling Spray           Conj/Hex       #.....       65%         3    ####...
 Lesser Beckoning         Tloc           #.........   65%         3    ####...
 Mephitic Cloud           Conj/Pois/Air  #.......     65%         3    ####...
 Portal Projectile        Hex/Tloc       #.....       65%         3    ####...
 Regeneration             Chrm/Necr      #.........   65%         3    ####...
 Spectral Weapon          Hex/Chrm       #.......     65%         3    ####...
 Static Discharge         Conj/Air       #.......     65%         3    ####...
 Stone Arrow              Conj/Erth      #.....       65%         3    ####...
 Tukima's Dance           Hex            #.......     65%         3    ####...
 Airstrike                Air            #.........   96%         4    #####..
 Leda's Liquefaction      Hex/Erth       #.........   96%         4    #####..
 Olgreb's Toxic Radiance  Pois           #.......     96%         4    #####..
 Throw Icicle             Conj/Ice       #.......     96%         4    #####..
 Alistair's Intoxication  Tmut/Pois      #.......     100%        5    ######.
 Bolt of Magma            Conj/Fire/Erth #.........   100%        5    ######.
 Excruciating Wounds      Chrm/Necr      #.........   100%        5    ######.
 Fireball                 Conj/Fire      #.........   100%        5    ######.
 Lightning Bolt           Conj/Air       #.........   100%        5    ######.
 Summon Forest            Summ/Tloc      #.........   100%        5    ######.
 Bolt of Fire             Conj/Fire      #.........   100%        6    #######
 Dispersal                Tloc           #.........   100%        6    #######
 Freezing Cloud           Conj/Ice/Air   #.........   100%        6    #######
 Hydra Form               Tmut           #.........   100%        6    #######
 Invisibility             Hex            #.......     100%        6    #######
 Summon Hydra             Summ           #.........   100%        7    #######
 Ignition                 Fire           #.........   100%        8    #######


Dungeon Overview and Level Annotations

Branches:
Dungeon (14/15)            Temple (1/1) D:6            Lair (6/6) D:9
 Shoals (0/4) Lair:3        Snake (0/4) Lair:4        Slime (0/5) Lair:6
    Orc (2/2) D:10            Elf (0/3) Orc:2        Vaults (0/5) D:14
 Bailey (visited)           IceCv (visited)

Altars:
Ashenzari
Cheibriados
Dithmenos
Elyvilon
Fedhas
Gozag
Hepliaklqana
Kikubaaqudgha
Makhleb
Nemelex Xobeh
Okawaru
Qazlal
Ru
Sif Muna
Trog
Uskayaw
Vehumet
Wu Jian
Xom
Yredelemnul
Zin
The Shining One
Jiyva

Shops:
D:10 =   D:11 }   D:13 *?

Annotations:
Lair:4 exclusion: 2 oklob plants
Lair:6 1 runed translucent door, exclusion: oklob plant


Innate Abilities, Weirdness & Mutations

You have a pair of large horns on your head.
Your flesh is very cold resistant. (rC++)
You regenerate health from kills.
You are immune to freezing clouds.
When seriously injured, your bleeding wounds create thick armour. (AC +9)
You have sharp fingernails.
Scrolls take you a little longer to read.
You are resistant to hostile enchantments. (MR+)
Your system is resistant to poisons. (rPois)
You are very robust. (+20% HP)


Message History

Xom roars with laughter!
Your orc hits the ogre mage with a +0 whip.
Your orc hits the orc priest with a +0 hand axe.
Your orc hits the two-headed ogre but does no damage.
Your troll bites the two-headed ogre!
The two-headed ogre dies!
The ogre mage hits your orc with a +0 flail.
Items here: )) [[ ÷ a +0 leather armour; a +0 club; a +0 robe; a +0 dagger; an orc skeleton Your orc throws a silver boomerang.
The silver boomerang barely misses the ogre.
The weapon returns to your orc! Something hits your orc!!
Your orc dies!
Your orc's corpse dissolves into shadows!
There is a stone staircase leading up here.
Magic restored.
The orc priest calls down the wrath of Beogh upon you.
Beogh smites you!
You die...
Xom thinks this is hilarious!

.#..........#....#.
##.#.....#..#.......
#.......##..........
#.................. ###
#..$.............#
##.####......[........#
#..[.#....)............
##...)$....)...[......##.
###÷#...@.$[[[[.........
##)...O[$[.))..........
#.......)..[..........
#.........o.))..........
#..........oooo§.........
........##.T.O§§....#...<.
........##..o§O§§..).<.....
##.......#.ooOOO§§..o..>...
##.#.......O....O..)......


You could see 3 two-headed ogres, an ogre mage (invisible), 2 ogres, an orc
priest, a friendly troll, 2 friendly orc warriors, a friendly orc wizard
(invisible) and 4 friendly orcs.

Vanquished Creatures
  Gastronok (Lair:3)
  A deep elf sorcerer (D:13)
  4 vault guards (D:14)
  2 ice dragons (IceCv)
  Erolcha (D:12)
  8 hydras
  A centaur warrior (D:13)
  A dancing weapon (D:10)
  13 two-headed ogres
  3 ogre magi (Orc:2)
  2 vampire magi (D:13)
  The ghost of anet the Thaumaturge, a journeyman DEWz of Ashenzari (D:10)
  Sonja (Lair:3)
  An unseen horror (D:14)
  A lindwurm (Lair:6)
  3 orc knights
  7 ugly things
  8 deep elf magi
  3 orc sorcerers
  3 oklob plants
  4 cyclopes
  4 manticores
  24 elephants
  2 ice statues (IceCv)
  A guardian serpent (Lair:4)
  6 black mambas
  3 naga magi (D:13)
  Joseph (D:8)
  3 torpor snails (Lair:6)
  3 gargoyles
  5 rime drakes
  9 spiny frogs
  4 komodo dragons
  A kobold demonologist (D:14)
  5 yaktaurs (D:14)
  2 trolls
  2 polar bears
  2 tyrant leeches (Lair:6)
  7 hornets (Lair:6)
  16 dream sheep
  6 slime creatures
  10 hippogriffs
  A meliai zombie (D:14)
  5 blink frogs
  A spriggan (Lair:5)
  21 yaks
  3 vampires
  4 fire bats (D:11)
  4 wyverns
  A wraith (D:14)
  3 basilisks
  2 hungry ghosts
  2 soldier ants (D:14)
  A soldier ant (shapeshifter) (D:14)
  3 wargs
  7 porcupines
  9 water moccasins
  Duvessa (D:7)
  A hell hound (D:11)
  17 ice beasts
  5 phantoms
  25 orc warriors
  A black bear (D:9)
  A hornet zombie (D:12)
  A necrophage (D:6)
  13 sky beasts
  14 wolves (Lair:5)
  28 ogres
  10 centaurs
  7 crocodiles
  A big kobold (D:11)
  8 gnoll sergeants (Bailey)
  15 bullfrogs
  A water moccasin zombie (D:6)
  Dowan (D:7)
  8 scorpions
  A water moccasin skeleton (D:5)
  10 killer bees
  3 wights (D:12)
  6 howler monkeys
  4 electric eels
  2 bullfrog zombies
  2 lava snakes (D:11)
  3 crimson imps
  4 jellies
  A quasit (D:8)
  7 gnoll shamans
  5 centaur zombies
  Crazy Yiuf (D:6)
  11 orc priests
  A bullfrog skeleton (D:7)
  6 centaur skeletons
  7 hounds
  25 orc wizards
  7 iguanas
  12 worker ants
  A howler monkey skeleton (D:5)
  16 gnolls
  10 adders
  6 shadow imps
  3 oozes
  2 adder skeletons
  2 worms
  A dart slug (D:3)
  7 leopard geckos
  71 orcs
  A ball python (D:2)
  9 giant cockroaches
  7 goblins
  5 hobgoblins
  10 jackals
  5 quokkas
  4 bats
  6 frilled lizards
  5 kobolds
  A leopard gecko skeleton (D:4)
  5 rats
  3 fire vortices (D:11)
  2 fungi
  2 plants
712 creatures vanquished.

Vanquished Creatures (collateral kills)
  A deep elf sorcerer (D:13)
  2 two-headed ogres (Orc:2)
  A blink frog (Lair:4)
  5 dream sheep (Lair:3)
  A water moccasin (Lair:1)
  A porcupine (Lair:4)
  A black bear (D:12)
  4 orc warriors
  An ogre (D:5)
  3 orc priests
  An orc wizard (Orc:2)
  5 orcs
  A giant cockroach (D:5)
  A frilled lizard (D:3)
28 creatures vanquished.

Vanquished Creatures (others)
  A dire elephant (Lair:5)
  A fire dragon (Lair:6)
  4 two-headed ogres (Orc:2)
  A lindwurm (Lair:6)
  An orc knight (Orc:1)
  An oklob plant (Lair:5)
  5 elephants
  A naga mage (D:13)
  A rime drake (Lair:5)
  A komodo dragon (D:11)
  A troll (Orc:2)
  A hornet (Lair:6)
  A dream sheep (Lair:5)
  A hippogriff (Lair:6)
  3 yaks (Lair:6)
  A porcupine (Lair:5)
  3 ogres (Orc:2)
  2 crocodiles
  2 orc wizards
  An adder (D:11)
  2 kobolds (D:11)
  93 fungi
  40 plants
168 creatures vanquished.

Grand Total: 908 creatures vanquished

Notes
Turn   | Place    | Note
-------+----------+-------------------------------------------
     0 | D:1      | wullow85 the Demonspawn Chaos Knight began the quest for
                  | the Orb.
     0 | D:1      | Reached XP level 1. HP: 18/18 MP: 1/1
   142 | D:1      | Gained mutation: You regenerate a little health from kills.
                  | [demonic ancestry]
   142 | D:1      | Reached XP level 2. HP: 18/24 MP: 2/2
   326 | D:1      | XOM: divination: magic mapping
   376 | D:1      | XOM: silly message
   436 | D:1      | XOM: 1-stop teleportation journey
   773 | D:1      | XOM: butterfly on damage
   996 | D:1      | XOM: repel stairs
  1007 | D:1      | Reached skill level 1 in Dodging
  1007 | D:1      | Reached XP level 3. HP: 29/29 MP: 3/3
  1202 | D:2      | XOM: swap monsters
  1298 | D:2      | Gained mutation: You have a pair of small horns on your
                  | head. [demonic ancestry]
  1298 | D:2      | Reached XP level 4. HP: 29/37 MP: 4/4
  1429 | D:2      | XOM: mild Tloc miscast
  1802 | D:2      | XOM: mild Hex miscast
  2088 | D:2      | Noticed a centaur
  2099 | D:2      | Killed a centaur
  2099 | D:2      | Gained mutation: When seriously injured, your bleeding
                  | wounds create armour. (AC +9) [demonic ancestry]
  2099 | D:2      | Reached XP level 5. HP: 19/43 MP: 5/5
  2350 | D:2      | XOM: noise
  2855 | D:3      | XOM: enchant monster (good)
  2875 | D:3      | Reached skill level 5 in Fighting
  2993 | D:3      | Gained mutation: You have a pair of horns on your head.
                  | [demonic ancestry]
  2993 | D:3      | Reached XP level 6. HP: 43/51 MP: 6/6
  3116 | D:3      | HP: 2/51 [poisoned by a gnoll]
  3415 | D:4      | XOM: noise
  3448 | D:4      | XOM: harmless Pois miscast
  3546 | D:4      | Reached skill level 5 in Maces & Flails
  3577 | D:4      | XOM: divination: magic mapping
  3584 | D:4      | XOM: enchant monster (good)
  3752 | D:4      | Gained mutation: Your flesh is cold resistant. (rC+)
                  | [demonic ancestry]
  3752 | D:4      | Reached XP level 7. HP: 33/56 MP: 7/7
  3840 | D:4      | Reached skill level 1 in Polearms
  4079 | D:4      | XOM: harmless Ice miscast
  4215 | D:4      | XOM: confusion
  4640 | D:5      | Entered Level 5 of the Dungeon
  4714 | D:5      | XOM: god gift: naga barding {god gift}
  4717 | D:5      | XOM: summons friendly chaos spawn
  4759 | D:5      | XOM: 2-stop teleportation journey
  4763 | D:5      | Reached skill level 5 in Polearms
  4763 | D:5      | Reached XP level 8. HP: 62/62 MP: 8/8
  5360 | D:5      | XOM: scenery: create altars
  5365 | D:5      | XOM: give mutations
  5365 | D:5      | Gained mutation: You have sharp fingernails. [Xom's grace]
  5365 | D:5      | Gained mutation: You have a pair of large horns on your
                  | head. [Xom's grace]
  5490 | D:6      | XOM: scenery: create altars
  5550 | D:6      | Found a white marble altar of Elyvilon.
  5661 | D:6      | XOM: 5-stop teleportation journey
  5986 | D:6      | Found a staircase to the Ecumenical Temple.
  5987 | D:6      | XOM: noise
  5994 | Temple   | Entered the Ecumenical Temple
  6195 | D:6      | Found a runed translucent door.
  6196 | D:6      | Noticed Crazy Yiuf
  6207 | D:6      | Killed Crazy Yiuf
  6357 | D:6      | XOM: medium Chrm miscast
  6452 | D:7      | XOM: enchant monster (bad)
  6529 | D:7      | XOM: summons 4 hostile demons
  6530 | D:7      | Noticed a rust devil
  6535 | D:7      | Noticed Duvessa
  6538 | D:7      | XOM: mild Tmut miscast
  6546 | D:6      | Mutation became permanent: You have a pair of horns on your
                  | head. [demonic ancestry]
  6546 | D:6      | Gained mutation: You have a pair of large horns on your
                  | head. [demonic ancestry]
  6546 | D:6      | Reached XP level 9. HP: 16/68 MP: 9/9
  6584 | D:6      | XOM: summons 4 hostile demons
  6585 | D:6      | Noticed a rust devil
  6585 | D:6      | Noticed an orange demon
  6585 | D:6      | Noticed a soul eater
  6627 | D:6      | XOM: god gift: runed hunting sling {god gift}
  6785 | D:7      | Noticed Dowan
  6793 | D:7      | Killed Duvessa
  6841 | D:7      | Killed Dowan
  6907 | D:7      | Got a brightly glowing jade ring
  6908 | D:7      | Identified the ring of Ryvvach {rPois Str+4 Int+5 SInv}
                  | (You found it on level 7 of the Dungeon)
  6929 | D:7      | XOM: medium Ice miscast
  7009 | D:7      | Got a fabulously ornate robe
  7050 | D:7      | XOM: noise
  7165 | D:8      | XOM: potion effect (agility)
  7186 | D:8      | Reached skill level 1 in Stealth
  7413 | D:8      | Noticed Joseph
  7424 | D:8      | Killed Joseph
  7438 | D:8      | Identified the +3 robe of Shadows and Fog {Regen+} (You
                  | found it on level 7 of the Dungeon)
  7513 | D:8      | XOM: divination: detect items
  7528 | D:8      | Reached skill level 10 in Polearms
  7674 | D:8      | Noticed a two-headed ogre
  7677 | D:8      | XOM: cast spell 'Alistair's Intoxication'
  7690 | D:8      | XOM: confuse monster(s)
  7694 | D:8      | XOM: scenery: create altars
  7696 | D:8      | Killed a two-headed ogre
  7696 | D:8      | Reached XP level 10. HP: 43/74 MP: 10/10
  7723 | D:8      | Noticed a two-headed ogre
  7734 | D:8      | Killed a two-headed ogre
  7874 | D:8      | XOM: medium Fire miscast
  8209 | D:9      | Found an opulent altar of Gozag.
  8391 | D:9      | XOM: repel stairs
  8394 | D:9      | XOM: harmless Fire miscast
  8449 | D:9      | XOM: potion effect (brilliance)
  8472 | D:9      | XOM: confusion
  8564 | D:9      | XOM: harmless Erth miscast
  8614 | D:9      | Found a staircase to the Lair.
  8625 | D:9      | XOM: confusion (+ monsters)
  8692 | D:9      | XOM: swap monsters
  8746 | D:9      | Found a snail-covered altar of Cheibriados.
  8993 | D:10     | Entered Level 10 of the Dungeon
  9038 | D:10     | XOM: summons 3 hostile shadow creatures
  9068 | D:9      | XOM: give mutations
  9068 | D:9      | Gained mutation: You occasionally shout uncontrollably at
                  | your foes. [Xom's mischief]
  9068 | D:9      | Gained mutation: Your body sometimes deteriorates upon
                  | taking damage. [Xom's mischief]
  9068 | D:9      | Gained mutation: Scrolls take you a little longer to read.
                  | [Xom's mischief]
  9262 | D:10     | Found a staircase to the Orcish Mines.
  9421 | D:10     | Gained mutation: You regenerate health from kills. [demonic
                  | ancestry]
  9421 | D:10     | Reached XP level 11. HP: 80/85 MP: 11/11
  9484 | D:10     | Found a runed translucent door.
  9484 | D:10     | Found a shimmering altar of Xom.
  9484 | D:10     | Noticed anet's ghost (journeyman DEWz)
  9484 | D:10     | Noticed a +0 scimitar of chaos
  9488 | D:10     | XOM: fog
  9495 | D:10     | XOM: harmless Ice miscast
  9499 | D:10     | XOM: 1-stop teleportation journey
  9507 | D:10     | XOM: 1-stop teleportation journey
  9690 | D:10     | XOM: destruction
  9695 | D:10     | XOM: scenery: 1 doors close
  9697 | D:10     | Killed a +0 scimitar of chaos
  9736 | D:10     | Killed anet's ghost
  9985 | D:10     | XOM: scenery: 1 doors open, 1 doors close
 10025 | D:10     | Found Cak Eshu's Jewellery Shop.
 10051 | D:10     | Identified a scroll of acquirement
 10051 | D:10     | Got a steaming shield
 10057 | D:10     | Identified the +2 shield of Fuaseren {*Drain +Blink rPois
                  | Dex+6} (You acquired it on level 10 of the Dungeon)
 10263 | D:11     | Found Eshrotar's Gadget Shoppe.
 10277 | D:11     | XOM: divine lightning
 10292 | D:11     | XOM: scenery: create altars
 10342 | D:11     | Reached skill level 5 in Dodging
 10348 | D:11     | Reached skill level 1 in Shields
 10350 | D:11     | XOM: confuse monster(s)
 10369 | D:11     | Reached skill level 2 in Shields
 10376 | D:11     | XOM: fog
 10430 | D:11     | Noticed a purple ugly thing
 10440 | D:11     | Reached skill level 3 in Shields
 10441 | D:11     | XOM: enchant monster (good)
 10450 | D:11     | XOM: divine lightning
 10453 | D:11     | Killed a purple ugly thing
 10459 | D:11     | XOM: cast spell 'Summon Butterflies'
 10471 | D:11     | XOM: scenery: create altars
 10472 | D:11     | XOM: enchant monster (good)
 10474 | D:11     | Reached skill level 4 in Shields
 10593 | D:11     | XOM: harmless Fire miscast
 10720 | D:11     | XOM: potion effect (brilliance)
 10728 | D:11     | Reached skill level 5 in Shields
 10732 | D:11     | XOM: enchant monster (good)
 10763 | D:11     | Reached skill level 6 in Shields
 10776 | D:11     | XOM: fog
 10953 | D:11     | Reached skill level 7 in Shields
 10954 | D:11     | XOM: divination: detect items
 11006 | D:11     | Identified the Tome of Attacks
 11192 | D:11     | XOM: noise
 11301 | D:12     | XOM: mild Tloc miscast
 11321 | D:12     | XOM: summons 11 friendly demons
 11328 | D:11     | Reached XP level 12. HP: 78/95 MP: 12/12
 11403 | D:12     | XOM: god gift: 10 arrows
 11421 | D:12     | Reached skill level 8 in Shields
 11470 | D:12     | Noticed a two-headed ogre
 11478 | D:12     | Killed a two-headed ogre
 11490 | D:12     | XOM: cloud trail
 11590 | D:12     | XOM: butterfly on damage
 11628 | D:12     | XOM: god gift: scroll of random uselessness
 11667 | D:12     | XOM: scenery: create altars
 11706 | D:12     | Reached skill level 9 in Shields
 11716 | D:12     | XOM: cast spell 'Olgreb's Toxic Radiance'
 11767 | D:12     | XOM: summons friendly iron imp
 11817 | D:12     | XOM: cast spell 'Summon Dragon'
 12002 | D:12     | Reached skill level 10 in Shields
 12018 | D:12     | Noticed a two-headed ogre
 12033 | D:12     | Killed a two-headed ogre
 12103 | D:12     | Noticed Erolcha
 12107 | D:12     | Killed Erolcha
 12278 | D:12     | XOM: give mutations
 12278 | D:12     | Gained mutation: You are robust. (+10% HP) [Xom's grace]
 12278 | D:12     | Gained mutation: You can translocate small distances at
                  | will. [Xom's grace]
 12278 | D:12     | Gained mutation: Your system is resistant to poisons.
                  | (rPois) [Xom's grace]
 12350 | D:13     | Noticed a two-headed ogre
 12351 | D:13     | XOM: chaos upgrade
 12356 | D:13     | XOM: smoke on damage
 12361 | D:13     | Killed a two-headed ogre
 12361 | D:13     | Reached skill level 11 in Shields
 12369 | D:13     | Found Xadaus's Magic Scroll Shop.
 12478 | D:13     | Found a flagged portal.
 12487 | Bailey   | Entered a bailey
 12502 | Bailey   | XOM: enchant monster (bad)
 12557 | Bailey   | XOM: polymorph gnoll -> ooze
 12571 | Bailey   | XOM: mild Necr miscast
 12709 | Bailey   | Identified the +8 longbow of Ovoolysh {velocity, +Blink
                  | Dex+2}
 12965 | D:13     | Found Dalleop's General Store.
 12966 | D:13     | Noticed a six-headed hydra
 12975 | D:13     | Killed a six-headed hydra
 13003 | D:13     | Bought a potion of mutation for 128 gold pieces
 13222 | D:13     | Reached skill level 12 in Shields
 13371 | D:13     | Noticed a centaur warrior
 13388 | D:13     | Killed a centaur warrior
 13388 | D:13     | Gained mutation: You are immune to freezing clouds.
                  | [demonic ancestry]
 13388 | D:13     | Reached XP level 13. HP: 70/110 MP: 13/13
 13419 | D:13     | Found a sacrificial altar of Ru.
 13527 | D:13     | XOM: silly message
 13781 | D:13     | XOM: noise
 13810 | D:13     | XOM: divine lightning
 13859 | D:13     | XOM: potion effect (berserk rage)
 13861 | D:13     | XOM: harmless Erth miscast
 13863 | D:13     | XOM: confusion
 13867 | D:13     | XOM: noise
 13877 | D:13     | XOM: swap monsters
 13932 | D:13     | Identified the Volume of Quantum Dark Secrets
 13956 | D:13     | Noticed a deep elf sorcerer
 13958 | D:13     | XOM: destruction
 13961 | D:13     | Killed a deep elf sorcerer
 14042 | D:13     | XOM: cleaving
 14055 | D:13     | Reached skill level 13 in Shields
 14125 | D:13     | XOM: summons 3 friendly demons
 14128 | D:13     | XOM: god gift: trident {god gift}
 14144 | D:13     | Noticed a deep elf sorcerer
 14148 | D:13     | XOM: fog
 14154 | D:13     | XOM: enchant monster (good)
 14157 | D:13     | Killed a deep elf sorcerer
 14158 | D:13     | Found a shimmering blue altar of Sif Muna.
 14200 | D:13     | Identified the Handbook of Stones and Cold
 14202 | D:13     | Identified the Tome of Intoxication and Dislocation
 14212 | D:13     | Identified the Tome of the Volcanoes
 14214 | D:13     | Identified the Catalogue of Poison and the Rocks
 14553 | D:14     | XOM: severe Tloc miscast
 14553 | D:14     | Cast into level 2 of the Abyss (the severe capriciousness
                  | of Xom)
 14560 | Abyss:2  | Found a sparkling altar of Nemelex Xobeh.
 14574 | Abyss:2  | Noticed a profane servitor
 14575 | Abyss:2  | XOM: confuse monster(s)
 14598 | D:14     | Escaped the Abyss
 14627 | D:14     | XOM: confuse monster(s)
 14634 | D:14     | XOM: summons 4 friendly demons
 14640 | D:14     | XOM: swap monsters
 14648 | D:14     | XOM: cleaving
 14676 | D:14     | XOM: cast spell 'Summon Small Mammal'
 14889 | D:14     | XOM: summons 6 friendly demons
 15018 | D:14     | Reached skill level 14 in Shields
 15035 | D:14     | XOM: harmless Fire miscast
 15306 | D:14     | XOM: potion effect (agility)
 15312 | D:14     | XOM: smoke on damage
 15314 | D:14     | XOM: confuse monster(s)
 15319 | D:14     | XOM: enchant monster (good)
 15325 | D:14     | XOM: divination: magic mapping
 15373 | D:14     | XOM: blink monster(s)
 15459 | D:14     | XOM: cleaving
 15465 | D:14     | Reached XP level 14. HP: 89/117 MP: 14/14
 15472 | D:14     | Found a gate to the Vaults.
 15506 | D:14     | XOM: give mutation
 15506 | D:14     | Gained mutation: You are weak. (Str -2) [Xom's mischief]
 15762 | D:13     | Bought the amulet "Ynac" {+Rage rF+ rC+} for 976 gold
                  | pieces
 15893 | D:9      | XOM: mild Conj miscast
 15927 | D:9      | XOM: summons 1 hostile demon
 15965 | Lair:1   | Entered Level 1 of the Lair of Beasts
 15965 | Lair:1   | Found a frozen archway.
 15970 | IceCv    | Entered an ice cave
 15971 | IceCv    | XOM: scenery: create altars
 16012 | IceCv    | XOM: summons friendly white imp
 16016 | IceCv    | XOM: confusion
 16020 | IceCv    | XOM: summons 2 friendly demons
 16021 | IceCv    | XOM: draining
 16594 | IceCv    | XOM: confuse monster(s)
 16599 | IceCv    | XOM: potion effect (haste)
 16623 | IceCv    | Reached skill level 15 in Shields
 16669 | IceCv    | Got a vibrating silver ring
 16843 | IceCv    | Identified the ring "Ibajaaz" {rPois rN+ SInv} (You found
                  | it in an ice cave)
 17027 | Lair:1   | XOM: harmless Conj miscast
 17038 | Lair:1   | XOM: scenery: 1 doors open, 1 doors close
 17065 | Lair:1   | XOM: summons friendly crimson imp
 17214 | Lair:1   | XOM: destruction
 17311 | Lair:1   | Got a faintly humming leather armour
 17323 | Lair:1   | Identified the +2 leather armour "Guclid" {Regen+ Dex+2}
                  | (You found it on level 1 of the Lair of Beasts)
 17381 | Lair:1   | XOM: cast spell 'Olgreb's Toxic Radiance'
 17789 | Lair:2   | XOM: enchant monster (good)
 17804 | Lair:2   | XOM: give mutation
 17804 | Lair:2   | Gained mutation: You have sharp toenails. [Xom's grace]
 17909 | Lair:2   | XOM: destruction
 17934 | Lair:2   | XOM: god gift: 8 gold pieces
 18077 | Lair:2   | XOM: mild Erth miscast
 18439 | Lair:2   | XOM: medium Air miscast
 18455 | Lair:3   | Noticed Gastronok
 18457 | Lair:3   | XOM: scenery: create altars
 18461 | Lair:3   | XOM: smoke on damage
 18489 | Lair:3   | Found a staircase to the Shoals.
 18493 | Lair:3   | XOM: polymorph manticore -> two-headed ogre
 18498 | Lair:2   | XOM: confuse monster(s)
 18653 | Lair:3   | XOM: noise
 18654 | Lair:3   | XOM: cast spell 'Cause Fear'
 18669 | Lair:3   | XOM: summons 12 friendly demons
 18684 | Lair:3   | Killed Gastronok
 18690 | Lair:3   | XOM: polymorph white imp -> ufetubus
 18723 | Lair:3   | Noticed Sonja
 18725 | Lair:3   | XOM: enchant monster (good)
 18735 | Lair:3   | Killed Sonja
 19456 | Lair:3   | XOM: give mutation
 19456 | Lair:3   | Lost mutation: Your system is resistant to poisons. (rPois)
                  | [Xom's mischief]
 19473 | Lair:3   | XOM: noise
 19485 | Lair:3   | XOM: harmless Hex miscast
 19596 | Lair:3   | XOM: harmless Tmut miscast
 19657 | Lair:4   | XOM: cast spell 'Monstrous Menagerie'
 19745 | Lair:4   | Got a bloodstained ring mail
 19756 | Lair:4   | Identified the cursed +1 ring mail of the Old World {rElec
                  | rC++ Dex-5} (You found it on level 4 of the Lair of Beasts)
 19788 | Lair:4   | XOM: summons 2 hostile demons
 19815 | Lair:4   | XOM: swap monsters
 19884 | Lair:4   | XOM: enchant monster (good)
 20410 | Lair:4   | XOM: 4-stop teleportation journey
 20449 | Lair:4   | Found a staircase to the Snake Pit.
 20750 | Lair:4   | XOM: summons 2 hostile shadow creatures
 20844 | Lair:4   | XOM: give mutations
 20844 | Lair:4   | Gained mutation: You do not regenerate when monsters are
                  | visible. [Xom's mischief]
 20844 | Lair:4   | Lost mutation: You do not regenerate when monsters are
                  | visible. [Xom's mischief]
 20844 | Lair:4   | Lost mutation: You have sharp toenails. [Xom's mischief]
 20844 | Lair:4   | Gained mutation: You are dopey. (Int -2) [Xom's mischief]
 20917 | Lair:4   | XOM: draining
 21088 | Lair:4   | XOM: mild Necr miscast
 21128 | Lair:4   | Reached skill level 10 in Fighting
 21254 | Lair:4   | XOM: noise
 21338 | Lair:5   | XOM: enchant monster (bad)
 21358 | Lair:5   | XOM: scenery: create altars
 21473 | Lair:5   | XOM: harmless Pois miscast
 21490 | Lair:5   | Lost mutation: Scrolls take you a little longer to read.
                  | [potion of mutation]
 21490 | Lair:5   | Lost mutation: Your body sometimes deteriorates upon taking
                  | damage. [potion of mutation]
 21490 | Lair:5   | Gained mutation: You are resistant to hostile enchantments.
                  | (MR+) [potion of mutation]
 21490 | Lair:5   | Gained mutation: You are very robust. (+20% HP) [potion of
                  | mutation]
 21617 | Lair:5   | XOM: noise
 21618 | Lair:5   | Lost mutation: You are dopey. (Int -2) [potion of mutation]
 21618 | Lair:5   | Lost mutation: You are weak. (Str -2) [potion of mutation]
 21618 | Lair:5   | Lost mutation: You occasionally shout uncontrollably at
                  | your foes. [potion of mutation]
 21618 | Lair:5   | Gained mutation: Your muscles are strong. (Str +2) [potion
                  | of mutation]
 21748 | Lair:5   | Reached skill level 5 in Armour
 21779 | Lair:5   | Gained mutation: When seriously injured, your bleeding
                  | wounds create thick armour. (AC +9) [demonic ancestry]
 21779 | Lair:5   | Reached XP level 15. HP: 134/137 MP: 15/15
 21781 | Lair:5   | Got a slimy hand axe
 21788 | Lair:5   | Identified the +7 hand axe of Compassion {distort, *Drain
                  | +Rage rF+ Stlth+} (You found it on level 5 of the Lair of
                  | Beasts)
 21868 | Lair:5   | Reached skill level 1 in Axes
 22048 | Lair:5   | XOM: 1-stop teleportation journey
 22081 | Lair:5   | XOM: enchant monster (bad)
 22174 | Lair:5   | XOM: silly message
 22175 | Lair:5   | XOM: summons friendly white imp
 22183 | Lair:5   | XOM: cast spell 'Summon Small Mammal'
 22206 | Lair:5   | XOM: swap monsters
 22227 | Lair:5   | XOM: blink monster(s)
 22554 | Lair:6   | Entered Level 6 of the Lair of Beasts
 22592 | Lair:6   | XOM: medium Tmut miscast
 22595 | Lair:6   | XOM: harmless Pois miscast
 22610 | Lair:6   | XOM: noise
 22620 | Lair:6   | XOM: cast spell 'Summon Butterflies'
 22904 | Lair:5   | XOM: god gift: staff of power {god gift}
 22988 | Lair:6   | Found a hide-covered altar of Uskayaw.
 23020 | Lair:6   | XOM: polymorph elephant -> lindwurm
 23030 | Lair:6   | XOM: scenery: create altars
 23033 | Lair:6   | XOM: fake destruction
 23089 | Lair:6   | XOM: god gift: 45 gold pieces
 23199 | Lair:6   | XOM: cast spell 'Metabolic Englaciation'
 23222 | Lair:6   | Found a runed translucent door.
 23226 | Lair:6   | Found a viscous altar of Jiyva.
 23226 | Lair:6   | Noticed an acid blob
 23236 | Lair:6   | XOM: 1-stop teleportation journey
 23382 | Lair:6   | Found a runed translucent door.
 23387 | Lair:6   | XOM: confuse monster(s)
 23399 | Lair:6   | Reached skill level 5 in Stealth
 23456 | Lair:6   | XOM: summons friendly iron imp
 23462 | Lair:6   | Reached skill level 5 in Axes
 23473 | Lair:6   | XOM: medium Necr miscast
 23479 | Lair:6   | XOM: 1-stop teleportation journey
 23692 | Lair:6   | Found a staircase to the Slime Pits.
 23748 | Lair:6   | Reached skill level 16 in Shields
 24060 | Lair:6   | XOM: stat loss: -1 Dex (18/19)
 24061 | Lair:6   | XOM: give mutations
 24061 | Lair:6   | Lost mutation: Your muscles are strong. (Str +2) [Xom's
                  | mischief]
 24061 | Lair:6   | Gained mutation: Scrolls take you a little longer to read.
                  | [Xom's mischief]
 24061 | Lair:6   | Lost mutation: You can translocate small distances at will.
                  | [Xom's mischief]
 24097 | Lair:6   | XOM: harmless Pois miscast
 24112 | Lair:6   | Paralysed by a hornet for 2 turns
 24183 | Lair:6   | XOM: summons 2 friendly demons
 24222 | Lair:6   | XOM: swap monsters
 24336 | Lair:6   | XOM: give mutations
 24336 | Lair:6   | Gained mutation: Your system is resistant to poisons.
                  | (rPois) [Xom's grace]
 24336 | Lair:6   | Gained mutation: Your flesh is very cold resistant. (rC++)
                  | [Xom's grace]
 24431 | Lair:5   | XOM: noise
 24432 | Lair:5   | XOM: god gift: 34 gold pieces
 24799 | D:13     | XOM is BORED!
 24799 | D:13     | XOM: mild Tmut miscast
 24962 | D:14     | XOM: god gift: fan of gales
 25043 | D:14     | XOM: god gift: 7 silver boomerangs
 25174 | Orc:1    | Entered Level 1 of the Orcish Mines
 25304 | Orc:1    | XOM: silly message
 25354 | Orc:1    | XOM: harmless Fire miscast
 25463 | Orc:2    | Entered Level 2 of the Orcish Mines
 25478 | Orc:2    | XOM: potion effect (brilliance)
 25511 | Orc:2    | XOM: potion effect (berserk rage)
 25532 | Orc:2    | XOM: summons friendly white imp
 25562 | Orc:2    | XOM: potion effect (invisibility)
 25577 | Orc:2    | XOM: enchant monster (bad)
 25579 | Orc:2    | XOM: harmless Tloc miscast
 25583 | Orc:2    | Found a staircase to the Elven Halls.
 25642 | Orc:1    | XOM: enchant monster (good)
 25649 | Orc:1    | XOM: divination: magic mapping
 25653 | Orc:1    | XOM: divination: magic mapping
 25720 | Orc:1    | XOM: silly message
 25740 | Orc:1    | XOM: harmless Tloc miscast
 25863 | Orc:2    | XOM: blink monster(s)
 25878 | Orc:2    | XOM: confusion
 25888 | Orc:2    | XOM: fog
 25894 | Orc:2    | Killed from afar by an orc priest

Levels and vault maps discovered:
D:1:      evilmike_arrival_run_for_it, layout_basic
D:2:      layout_basic, first_ration, wad_floor_pattern_1
D:3:      layout_basic
D:4:      layout_basic, minmay_diced_spiral
D:5:      layout_rooms, serial_bayou, serial_bayou_pond_a,
          serial_bayou_lagoon_a, serial_bayou_pond_a, serial_bayou_ford_a,
          water_maze_lemuel
D:6:      layout_basic, elyvilon_altar_4, minmay_temple_entry_overgrown,
          uniq_crazy_yiuf_cottage
D:7:      layout_rooms, uniq_duvessa
D:8:      layout_basic, uniq_joseph
D:9:      layout_cave_pools, due_lair_maze_entry_diamond, minivault_23,
          grunt_ogre_cave, hangedman_feature_mirror
D:10:     layout_roguey, erik_orc_3, serial_shops, kennysheep_little_box,
          ebering_ghost_xom, nicolae_lava_and_water, kennysheep_generic_room_11
D:11:     layout_basic, serial_shops, shop, st_stairs_5, hangedman_incinerator
D:12:     layout_roguey [special_room_orc], serial_rivers,
          chequers_serial_rivers_micro_b, chequers_serial_rivers_micro_c,
          chequers_serial_rivers_small_b, chequers_serial_rivers_room_a,
          chequers_serial_rivers_small_a, chequers_serial_rivers_micro_e,
          uniq_erolcha
D:13:     evilmike_library_of_no_secrets, layout_rooms, serial_co_window_serial,
          co_window_paths_a, co_window_corner_a, co_window_paths_a,
          co_window_paths_b, co_window_paths_a, co_window_2corner,
          co_window_corner_b, co_window_of_opportunity_c, co_window_broadway_a,
          co_window_corner_b, co_window_corner_b, glass_columns_a,
          glass_columns_a, glass_columns_a, enter_bailey_1, serial_shops,
          nicolae_shop_trees, shop, nicolae_ru_the_path_less_chosen
D:14:     layout_loops_corners, lightli_vaults_fourway_checkpoint,
          minmay_misc_feat_rows
Temple:   kilobyte_greek_temple
Lair:1:   layout_roguey, portal_ice_cave_entry_pillars_1, gauntlet_entry_generic
Lair:2:   layout_regular_city
Lair:3:   layout_cave_pods, minmay_shoals_entry_beasts, uniq_gastronok,
          uniq_sonja
Lair:4:   minmay_lair_oklob_tunnel, layout_regular_city,
          minmay_snake_entry_spellcaster, serial_bayou_pond_e,
          serial_bayou_shore_a
Lair:5:   mu_elephants_graveyard, layout_loops_ring,
          chequers_serial_rivers_large_a, disabler_island
Lair:6:   wormcave, layout_cave_pods, slime_altar_2, basic_altar, st_stairs_5
Orc:1:    layout_caves, mines3_lemuel
Orc:2:    st_orc_ogre_mass, layout_caves

Skill      XL: |  1  2  3  4  5  6  7  8  9 10 11 12 13 14 15 |
---------------+----------------------------------------------+-----
Maces & Flails | 3 4 5 6 |  6.0
Armour         | 2 5 |  5.9
Dodging        | 1 3 5 |  5.0
Fighting       | 4 5 7 9 10 | 10.0
Polearms       | 5 8 10 12 13 | 13.0
Stealth        | 2 3 4 5 |  5.0
Shields        | 7 12 14 15 16 | 16.0
Axes           | 9 |  9.4

Action                   |  1- 3 |  4- 6 |  7- 9 | 10-12 | 13-15 || total
-------------------------+-------+-------+-------+-------+-------++-------
Melee: Mace              |    92 |   182 |    10 |       |       ||   284
       Headbutt          |       |    26 |    60 |   232 |   615 ||   933
       Spear             |       |       |   300 |  1090 |  1238 ||  2628
       Hand axe          |       |       |       |       |   535 ||   535
Throw: Dart              |     4 |       |       |       |     1 ||     5
       Stone             |       |     5 |       |    11 |     9 ||    25
 Abil: Evoke Blink       |       |       |       |       |     1 ||     1
Evoke: Wand              |       |       |       |       |     3 ||     3
       Lightning rod     |       |       |       |       |     1 ||     1
  Use: Potion            |       |     3 |       |     3 |     2 ||     8
       Scroll            |       |       |     7 |    10 |    16 ||    33
 Stab: Paralysed         |     1 |     1 |       |     2 |     8 ||    12
       Sleeping          |       |     1 |     5 |     8 |    14 ||    28
       Confused          |       |       |     1 |     2 |     3 ||     6
       Petrified         |       |       |       |     3 |       ||     3
       Distracted        |       |       |       |       |     6 ||     6
       Invisible         |       |       |       |       |    14 ||    14
  Eat: Chunk             |       |     5 |    10 |    12 |    21 ||    48
       Ration            |       |     1 |     1 |     2 |     6 ||    10
Armor: Leather armour    |    40 |    74 |    57 |       |       ||   171
       Robe              |       |       |     3 |    77 |    10 ||    90
       Ring mail         |       |       |       |       |   195 ||   195
Dodge: Dodged            |    57 |   105 |    79 |   202 |   379 ||   822
Block: Shield            |       |       |       |   238 |   695 ||   933

Table legend:
 A = Non-vault XP
 B = Vault XP
 C = Vault XP percentage of total XP
 D = Non-vault monster count
 E = Vault monster count
 F = Vault count percentage of total count
                 A         B        C        D         E       F
            +---------+---------+-------+---------+---------+-------
      Total |   84699 |   65595 |  43.6 |     533 |     227 |  29.9
            +---------+---------+-------+---------+---------+-------
        D:1 |      39 |       5 |  11.4 |      19 |       1 |   5.0
        D:2 |     245 |       0 |   0.0 |      30 |       0 |   0.0
        D:3 |     106 |       0 |   0.0 |      15 |       0 |   0.0
        D:4 |     714 |       5 |   0.7 |      19 |       2 |   9.5
        D:5 |     558 |       0 |   0.0 |      18 |       0 |   0.0
        D:6 |     941 |      41 |   4.2 |      15 |       1 |   6.2
        D:7 |     490 |     220 |  31.0 |       8 |       2 |  20.0
        D:8 |    2971 |     515 |  14.8 |      26 |       2 |   7.1
        D:9 |    1145 |    1688 |  59.6 |      21 |      13 |  38.2
       D:10 |    1738 |    2336 |  57.3 |      21 |      20 |  48.8
       D:11 |    6528 |    1653 |  20.2 |      44 |       9 |  17.0
       D:12 |    6522 |    3063 |  32.0 |      32 |      26 |  44.8
       D:13 |    5146 |   10955 |  68.0 |      16 |      18 |  52.9
       D:14 |   12766 |    6367 |  33.3 |      40 |      12 |  23.1
     Lair:1 |    3135 |       0 |   0.0 |      11 |       0 |   0.0
     Lair:2 |    5225 |       0 |   0.0 |      14 |       0 |   0.0
     Lair:3 |    4954 |    3452 |  41.1 |      18 |       4 |  18.2
     Lair:4 |    8021 |    1502 |  15.8 |      27 |       3 |  10.0
     Lair:5 |    5517 |    7784 |  58.5 |      31 |      20 |  39.2
     Lair:6 |   12238 |    6488 |  34.6 |      39 |      17 |  30.4
      Orc:1 |    2836 |     550 |  16.2 |      35 |       1 |   2.8
      Orc:2 |    2864 |   12542 |  81.4 |      34 |      26 |  43.3
     Bailey |       0 |    1217 | 100.0 |       0 |      30 | 100.0
      IceCv |       0 |    5212 | 100.0 |       0 |      20 | 100.0
            +---------+---------+-------+---------+---------+-------
